MLB
PITTSBURGH PIRATES @ COLORADO ROCKIES
08/29/2019
 
TOP OF THE 1ST
Pittsburgh Pirates batting - Pitching for Colorado Rockies : RHP Dean Kremer
Pitching: RHP Dean Kremer
Batting: RHB Byron Buxton 0-0: SINGLE (Groundball, 4MD, EV 106.3 MPH)
Batting: LHB Jason Kipnis 0-0: Reached on error, E5 (Groundball, 56, EV 81.3 MPH)
Byron Buxton to second
Batting: RHB Franmil Reyes 0-0: Foul Ball, location: 2F
0-1: Ball
Wild Pitch!
Byron Buxton to third
Jason Kipnis to second
1-1: Ball
2-1: Foul Ball, location: 2F
2-2: Foul Ball, location: 2F
2-2: Ground out 1-3 (Groundball, 13, EV 89.4 MPH)
Batting: LHB Jake Lamb 0-0: Ball
1-0: Ball
2-0: Ball
3-0: Base on Balls
Batting: RHB Ryan Zimmerman 0-0: Ball
1-0: Swinging Strike
1-1: Called Strike
1-2: Ball
2-2: Foul Ball, location: 2F
2-2: Foul Ball, location: 2F
2-2: Strikes out swinging
Batting: LHB LaMonte Wade 0-0: Ball
1-0: Foul Ball, location: 2F
1-1: Ball
2-1: Ball
3-1: Base on Balls
Byron Buxton scores
Jason Kipnis to third
Jake Lamb to second
Batting: RHB Renato Nunez 0-0: Called Strike
0-1: Foul Ball, location: 2F
0-2: Ball
1-2: Strikes out swinging
Top of the 1st over - 1 run, 1 hit, 1 error, 3 left on base; Pittsburgh 1 - Colorado 0
BOTTOM OF THE 1ST
Colorado Rockies batting - Pitching for Pittsburgh Pirates : LHP Patrick Corbin
Pitching: LHP Patrick Corbin
Batting: RHB Anthony Alford 0-0: Fly out, F8 (Line Drive, 8LD, EV 100.0 MPH)
Batting: RHB JaCoby Jones 0-0: Foul Ball, location: 2F
0-1: Called Strike
0-2: Strikes out looking
Batting: RHB Mike Trout 0-0: Foul Ball, location: 2F
0-1: Foul Ball, location: 2F
0-2: Foul Ball, location: 2F
0-2: Ball
1-2: Foul Ball, location: 2F
1-2: Ball
2-2: Ball
3-2: DOUBLE (Line Drive, 89D, EV 100.0 MPH)
Batting: RHB Brandon Drury 0-0: Called Strike
0-1: DOUBLE (Flyball, 78D, EV 108.1 MPH)
Mike Trout scores
Batting: LHB Tommy La Stella 0-0: Called Strike
0-1: Called Strike
0-2: Ball
1-2: Strikes out swinging
Bottom of the 1st over - 1 run, 2 hits, 0 errors, 1 left on base; Pittsburgh 1 - Colorado 1
TOP OF THE 2ND
Pittsburgh Pirates batting - Pitching for Colorado Rockies : RHP Dean Kremer
Batting: RHB Josh Phegley 0-0: Ball
1-0: DOUBLE (Line Drive, 9LM, EV 100.6 MPH)
Batting: LHB Patrick Corbin 0-0: Reached on error, E3 (Groundball, 23, EV 43.8 MPH)
Josh Phegley scores
Batting: RHB Byron Buxton 0-0: Ball
1-0: Called Strike
1-1: Ball
2-1: Foul Ball, location: 2F
2-2: Strikes out swinging
Batting: LHB Jason Kipnis 0-0: Called Strike
0-1: Ball
1-1: Ball
2-1: Ball
3-1: Base on Balls
Batting: RHB Franmil Reyes 0-0: Called Strike
0-1: Foul Ball, location: 2F
0-2: Strikes out swinging
Batting: LHB Jake Lamb 0-0: Called Strike
0-1: Ball
1-1: Ball
2-1: Foul Ball, location: 2F
2-2: Fly out, F7 (Flyball, 78M, EV 75.0 MPH)
Top of the 2nd over - 1 run, 1 hit, 1 error, 2 left on base; Pittsburgh 2 - Colorado 1
BOTTOM OF THE 2ND
Colorado Rockies batting - Pitching for Pittsburgh Pirates : LHP Patrick Corbin
Batting: RHB Sean Rodriguez 0-0: Foul Ball, location: 2F
0-1: Called Strike
0-2: Ball
1-2: Ball
2-2: Strikes out swinging
Batting: LHB Patrick Mazeika 0-0: Ball
1-0: Ground out 5-3 (Groundball, 56S, EV 66.9 MPH)
Batting: RHB Dustin Peterson 0-0: Foul Ball, location: 2F
0-1: Called Strike
0-2: Strikes out looking
Bottom of the 2nd over - 0 runs, 0 hits, 0 errors, 0 left on base; Pittsburgh 2 - Colorado 1
TOP OF THE 3RD
Pittsburgh Pirates batting - Pitching for Colorado Rockies : RHP Dean Kremer
Batting: RHB Ryan Zimmerman 0-0: Foul Ball, location: 2F
0-1: Foul Ball, location: 2F
0-2: Strikes out looking
Batting: LHB LaMonte Wade 0-0: Ball
1-0: Ball
2-0: Ground out 1-3 (Groundball, 13S, EV 71.3 MPH)
Batting: RHB Renato Nunez 0-0: Called Strike
0-1: Ball
1-1: Ball
2-1: Foul Ball, location: 2F
2-2: Ball
3-2: Strikes out swinging
Top of the 3rd over - 0 runs, 0 hits, 0 errors, 0 left on base; Pittsburgh 2 - Colorado 1
BOTTOM OF THE 3RD
Colorado Rockies batting - Pitching for Pittsburgh Pirates : LHP Patrick Corbin
Batting: RHB Dean Kremer 0-0: Called Strike
0-1: Foul Ball, location: 2F
0-2: Strikes out swinging
Batting: RHB Anthony Alford 0-0: Ball
1-0: Ball
2-0: Ground out 1-3 (Groundball, 15S, EV 70.6 MPH)
Batting: RHB JaCoby Jones 0-0: Swinging Strike
0-1: Called Strike
0-2: Ball
1-2: Foul Ball, location: 2F
1-2: Ball
2-2: Foul Ball, location: 2F
2-2: Strikes out swinging
Bottom of the 3rd over - 0 runs, 0 hits, 0 errors, 0 left on base; Pittsburgh 2 - Colorado 1
TOP OF THE 4TH
Pittsburgh Pirates batting - Pitching for Colorado Rockies : RHP Dean Kremer
Batting: RHB Josh Phegley 0-0: Called Strike
0-1: Ball
1-1: Foul Ball, location: 2F
1-2: Ball
2-2: Foul Ball, location: 2F
2-2: Foul Ball, location: 2F
2-2: Strikes out looking
Batting: LHB Patrick Corbin 0-0: Called Strike
0-1: Reached on error, E3 (Groundball, 3, EV 84.4 MPH)
Pitching: RHP Chandler Sanburn
Batting: RHB Byron Buxton 0-0: Ball
1-0: Ball
2-0: Called Strike
2-1: Ball
3-1: SINGLE (Flyball, 6MD, EV 85.0 MPH)
Patrick Corbin to second
Batting: LHB Jason Kipnis 0-0: Fly out, F7 (Line Drive, 7D, EV 90.0 MPH)
Batting: RHB Franmil Reyes 0-0: Ball
1-0: Ball
2-0: Ball
3-0: Base on Balls
Patrick Corbin to third
Byron Buxton to second
Batting: LHB Jake Lamb 0-0: SINGLE (Line Drive, 34D, EV 97.5 MPH)
Patrick Corbin scores
Byron Buxton to third
Franmil Reyes to second
Runner from 3rd tries for Home, SAFE, throw by RF to home
Batting: RHB Ryan Zimmerman 0-0: Foul Ball, location: 2F
0-1: Ball
1-1: Ball
2-1: Fly out, F8 (Flyball, 8RXD, EV 111.3 MPH)
Top of the 4th over - 2 runs, 2 hits, 1 error, 2 left on base; Pittsburgh 4 - Colorado 1
BOTTOM OF THE 4TH
Colorado Rockies batting - Pitching for Pittsburgh Pirates : LHP Patrick Corbin
Batting: RHB Mike Trout 0-0: Called Strike
0-1: Foul Ball, location: 2F
0-2: SINGLE (Flyball, 7S, EV 84.4 MPH)
Batting: RHB Brandon Drury 0-0: Ball
1-0: Ball
2-0: Ball
3-0: Called Strike
3-1: Swinging Strike
3-2: Strikes out swinging
Batting: LHB Tommy La Stella 0-0: Ball
1-0: Ball
2-0: Called Strike
2-1: Called Strike
2-2: Ball
3-2: Strikes out swinging
Batting: RHB Sean Rodriguez 0-0: Ball
1-0: Called Strike
1-1: Foul Ball, location: 2F
1-2: Ball
2-2: Foul Ball, location: 2F
2-2: Ground out 1-3 (Groundball, P, EV 66.3 MPH)
Bottom of the 4th over - 0 runs, 1 hit, 0 errors, 1 left on base; Pittsburgh 4 - Colorado 1
TOP OF THE 5TH
Pittsburgh Pirates batting - Pitching for Colorado Rockies : RHP Chandler Sanburn
Batting: LHB LaMonte Wade 0-0: Ball
1-0: Ball
2-0: Ball
3-0: Base on Balls
Batting: RHB Renato Nunez 0-0: Ball
1-0: Ball
2-0: Ball
3-0: Called Strike
3-1: Foul Ball, location: 2F
3-2: Base on Balls
LaMonte Wade to second
Batting: RHB Josh Phegley 0-0: Ball
1-0: Ball
2-0: Grounds into double play, 3-6-3 (Groundball, 34, EV 103.1 MPH)
LaMonte Wade to third
Batting: LHB Patrick Corbin 0-0: Ball
1-0: SINGLE (Groundball, 6D, EV 106.9 MPH)
LaMonte Wade scores
Batting: RHB Byron Buxton 0-0: Called Strike
0-1: Ball
1-1: Fielders Choice at 2nd, 6-4 (Groundball, 56, EV 105.6 MPH)
Top of the 5th over - 1 run, 1 hit, 0 errors, 1 left on base; Pittsburgh 5 - Colorado 1
BOTTOM OF THE 5TH
Colorado Rockies batting - Pitching for Pittsburgh Pirates : LHP Patrick Corbin
Batting: LHB Patrick Mazeika 0-0: Ball
1-0: Ball
2-0: Ball
3-0: Called Strike
3-1: Called Strike
3-2: SINGLE (Groundball, 6D, EV 98.1 MPH)
Batting: RHB Dustin Peterson 0-0: SINGLE (Flyball, 9LM, EV 94.4 MPH)
Patrick Mazeika to second
Pinch Hitting: SHB Luis Sardinas 0-0: Ball
1-0: Foul Ball, location: 2F
1-1: Fly out, F9 (Flyball, 9, EV 85.6 MPH)
Batting: RHB Anthony Alford 0-0: Ball
1-0: Ball
2-0: Ball
3-0: Called Strike
3-1: Foul Ball, location: 2F
3-2: Foul Ball, location: 2F
3-2: Strikes out looking
Batting: RHB JaCoby Jones 0-0: Ball
1-0: Called Strike
1-1: Ground out 5-3 (Groundball, 56S, EV 85.0 MPH)
Bottom of the 5th over - 0 runs, 2 hits, 0 errors, 2 left on base; Pittsburgh 5 - Colorado 1
TOP OF THE 6TH
Pittsburgh Pirates batting - Pitching for Colorado Rockies : RHP Chandler Sanburn
Pitching: LHP Austin R. Davis
Batting: LHB Jason Kipnis 0-0: Swinging Strike
0-1: Ball
1-1: Foul Ball, location: 2F
1-2: Strikes out swinging
Batting: RHB Franmil Reyes 0-0: Ball
1-0: Swinging Strike
1-1: Foul Ball, location: 2F
1-2: Strikes out swinging
Batting: LHB Jake Lamb 0-0: Swinging Strike
0-1: Ball
1-1: Foul Ball, location: 2F
1-2: Strikes out swinging
Top of the 6th over - 0 runs, 0 hits, 0 errors, 0 left on base; Pittsburgh 5 - Colorado 1
BOTTOM OF THE 6TH
Colorado Rockies batting - Pitching for Pittsburgh Pirates : LHP Patrick Corbin
Batting: RHB Mike Trout 0-0: Called Strike
0-1: Ball
1-1: Foul Ball, location: 2F
1-2: Foul Ball, location: 2F
1-2: Ball
2-2: Ball
3-2: SINGLE (Groundball, 34D, EV 104.4 MPH)
Batting: RHB Brandon Drury 0-0: Called Strike
0-1: Called Strike
0-2: Ball
1-2: Strikes out swinging
Batting: LHB Tommy La Stella 0-0: Ball
1-0: Foul Ball, location: 2F
1-1: Foul Ball, location: 2F
1-2: Reached on error, E1 (Groundball, 34S, EV 93.1 MPH)
Mike Trout to second
Pitching: RHP Matt Bush
Batting: RHB Sean Rodriguez 0-0: Grounds into double play, 6-4-3 (Groundball, 6D, EV 87.5 MPH)
Bottom of the 6th over - 0 runs, 1 hit, 1 error, 1 left on base; Pittsburgh 5 - Colorado 1
TOP OF THE 7TH
Pittsburgh Pirates batting - Pitching for Colorado Rockies : LHP Austin R. Davis
Pitching: RHP Dan Straily
Batting: RHB Ryan Zimmerman 0-0: Ball
1-0: Called Strike
1-1: Called Strike
1-2: Ball
2-2: Foul Ball, location: 2F
2-2: SINGLE (Flyball, 78S, EV 96.9 MPH)
Batting: LHB LaMonte Wade 0-0: Foul Ball, location: 2F
0-1: SINGLE (Groundball, 4MD, EV 103.8 MPH)
Ryan Zimmerman to second
Batting: RHB Renato Nunez 0-0: Called Strike
0-1: Called Strike
0-2: Ball
1-2: Ball
2-2: Strikes out swinging
Batting: RHB Josh Phegley 0-0: Ball
1-0: Ball
2-0: Swinging Strike
2-1: Swinging Strike
2-2: Ball
Wild Pitch!
Ryan Zimmerman to third
LaMonte Wade to second
3-2: Base on Balls
Pinch Hitting: RHB Cameron Maybin 0-0: Called Strike
0-1: Ball
1-1: Ball
2-1: Ball
3-1: Base on Balls
Ryan Zimmerman scores
LaMonte Wade to third
Josh Phegley to second
Batting: RHB Byron Buxton 0-0: Foul Ball, location: 2F
0-1: Called Strike
0-2: Strikes out swinging
Batting: LHB Jason Kipnis 0-0: Ball
1-0: DOUBLE (Groundball, 5L, EV 100.0 MPH)
LaMonte Wade scores
Josh Phegley scores
Cameron Maybin to third
Batting: RHB Franmil Reyes 0-0: Called Strike
0-1: Called Strike
0-2: Ball
1-2: Ground out 6-3 (Groundball, 6, EV 81.9 MPH)
Top of the 7th over - 3 runs, 3 hits, 0 errors, 2 left on base; Pittsburgh 8 - Colorado 1
BOTTOM OF THE 7TH
Colorado Rockies batting - Pitching for Pittsburgh Pirates : RHP Matt Bush
Pitching: RHP Trevor May
Batting: LHB Patrick Mazeika 0-0: Ball
1-0: Ball
2-0: Ball
3-0: Called Strike
3-1: Called Strike
3-2: Base on Balls
Batting: RHB Dustin Peterson 0-0: Called Strike
0-1: Fielders Choice at 2nd, 5-4 (Groundball, 56, EV 98.1 MPH)
Pinch Hitting: RHB Joe DeCarlo 0-0: Called Strike
0-1: Swinging Strike
0-2: Ball
Dustin Peterson steals 2nd base (no throw)
1-2: Strikes out swinging
Batting: RHB Anthony Alford 0-0: Ball
1-0: Swinging Strike
1-1: Foul Ball, location: 2F
1-2: Foul Ball, location: 2F
1-2: Ball
2-2: Strikes out looking
Bottom of the 7th over - 0 runs, 0 hits, 0 errors, 1 left on base; Pittsburgh 8 - Colorado 1
TOP OF THE 8TH
Pittsburgh Pirates batting - Pitching for Colorado Rockies : RHP Dan Straily
Pitching: RHP Jon Harris
Batting: LHB Jake Lamb 0-0: Called Strike
0-1: Ground out U3 (Groundball, 3, EV 81.9 MPH)
Batting: RHB Ryan Zimmerman 0-0: Called Strike
0-1: Called Strike
0-2: Ball
1-2: Ball
2-2: Ball
3-2: Foul Ball, location: 2F
3-2: Foul Ball, location: 2F
3-2: Ground out 6-3 (Groundball, 6, EV 93.8 MPH)
Batting: LHB LaMonte Wade 0-0: Ball
1-0: Foul Ball, location: 2F
1-1: Ground out U3 (Groundball, 3L, EV 104.4 MPH)
Top of the 8th over - 0 runs, 0 hits, 0 errors, 0 left on base; Pittsburgh 8 - Colorado 1
BOTTOM OF THE 8TH
Colorado Rockies batting - Pitching for Pittsburgh Pirates : RHP Trevor May
Batting: RHB JaCoby Jones 0-0: Fly out, F8 (Flyball, 8LM, EV 86.9 MPH)
Batting: RHB Mike Trout 0-0: Ball
1-0: Foul Ball, location: 2F
1-1: Foul Ball, location: 2F
1-2: SINGLE (Groundball, 34D, EV 96.3 MPH)
Batting: RHB Brandon Drury 0-0: Ball
1-0: Swinging Strike
1-1: Hit by Pitch
Mike Trout to second
Pitching: RHP Adam Ottavino
Batting: LHB Tommy La Stella 0-0: Called Strike
0-1: Ball
1-1: Ball
2-1: Foul Ball, location: 2F
2-2: Strikes out swinging
Batting: RHB Sean Rodriguez 0-0: Swinging Strike
0-1: Ball
1-1: Foul Ball, location: 2F
1-2: Foul Ball, location: 2F
1-2: Ball
2-2: Foul Ball, location: 2F
2-2: Strikes out swinging
Bottom of the 8th over - 0 runs, 1 hit, 0 errors, 2 left on base; Pittsburgh 8 - Colorado 1
TOP OF THE 9TH
Pittsburgh Pirates batting - Pitching for Colorado Rockies : RHP Jon Harris
Batting: RHB Renato Nunez 0-0: Ball
1-0: Foul Ball, location: 2F
1-1: Ball
2-1: Ground out 6-3 (Groundball, 6D, EV 93.1 MPH)
Batting: RHB Josh Phegley 0-0: Swinging Strike
0-1: Ball
1-1: Ball
2-1: Ball
3-1: Called Strike
3-2: Fly out, F9 (Flyball, 9, EV 92.5 MPH)
Batting: SHB Adam Ottavino 0-0: Ball
1-0: Ground out 5-3 (Groundball, 5, EV 83.8 MPH)
Top of the 9th over - 0 runs, 0 hits, 0 errors, 0 left on base; Pittsburgh 8 - Colorado 1
BOTTOM OF THE 9TH
Colorado Rockies batting - Pitching for Pittsburgh Pirates : RHP Adam Ottavino
Batting: LHB Patrick Mazeika 0-0: Ball
1-0: Foul Ball, location: 2F
1-1: Ball
2-1: Foul Ball, location: 2F
2-2: SINGLE (Groundball, 3D, EV 108.1 MPH)
Batting: RHB Dustin Peterson 0-0: Ball
1-0: Fly out, F8 (Flyball, 8LS, EV 88.8 MPH)
Pinch Hitting: RHB Marty Herum 0-0: Ball
1-0: Ball
2-0: Called Strike
2-1: Foul Ball, location: 2F
2-2: Foul Ball, location: 2F
2-2: Ball
3-2: Base on Balls
Patrick Mazeika to second
Batting: RHB Anthony Alford 0-0: Called Strike
0-1: Called Strike
0-2: Ball
1-2: Foul Ball, location: 2F
1-2: Foul Ball, location: 2F
1-2: Strikes out swinging
Batting: RHB JaCoby Jones 0-0: Ball
1-0: Swinging Strike
1-1: SINGLE (Groundball, 56D, EV 110.0 MPH)
Patrick Mazeika to third
Marty Herum to second
Batting: RHB Mike Trout 0-0: Foul Ball, location: 2F
0-1: Ball
1-1: Foul Ball, location: 2F
1-2: Ball
2-2: Foul Ball, location: 2F
2-2: Ball
3-2: Base on Balls
Patrick Mazeika scores
Marty Herum to third
JaCoby Jones to second
Batting: RHB Brandon Drury 0-0: Fly out, F9 (Flyball, 9S, EV 91.3 MPH)
Bottom of the 9th over - 1 run, 2 hits, 0 errors, 3 left on base; Pittsburgh 8 - Colorado 2
Monday, December 2nd, 2019 - OOTP Baseball 20.8 Build 73